[Event "RUS-chT Premier 2019"]
[Site "Sochi"]
[Date "2019.05.03"]
[Round "3.2"]
[White "Usmanov, Vasily"]
[Black "Duzhakov, Ilya"]
[Result "1/2-1/2"]
[ECO "A46"]
[WhiteElo "2437"]
[BlackElo "2388"]
[Annotator "NA"]
[PlyCount "101"]
[EventDate "2019.05.01"]
[EventType "team-tourn"]
[EventCountry "RUS"]
[SourceTitle "playchess.com"]
[Source "ChessBase"]
[SourceQuality "1"]
[TimeControl "40/5400+30:1800+30"]

1. d4 Nf6 2. Nf3 e6 3. g3 c5 4. Bg2 cxd4 5. O-O d5 6. b3 Be7 7. Bb2 O-O 8. Nbd2 Re8 9. Ne5 Nc6 10. Nxc6 bxc6 11. Bxd4 Ba3 12. Qb1 e5 13. Bb2 Qa5 14. Bxa3 Qxa3 15. c4 Bg4 16. Re1 e4 17. Qc1 Qa5 18. e3 Nd7 19. h3 Bh5 20. g4 Bg6 21. f4 exf3 22. Nxf3 Nc5 23. Qd2 Qxd2 24. Nxd2 Nd3 25. Rf1 Rxe3 26. cxd5 cxd5 27. Bxd5 Rae8 28. Nc4 Rxh3 29. Kg2 Rh6 30. Kg3 Rd8 31. Ne3 Re8 32. Nc4 Nb4 33. Rfe1 Rd8 34. Rad1 Bd3 35. a3 Nxd5 36. Rxd3 Rh3+ 37. Kxh3 Nf4+ 38. Kg3 Nxd3 39. Re7 a6 40. Ra7 g5 41. b4 f5 42. gxf5 Rd4 43. Ne3 h5 44. f6 h4+ 45. Kh2 Ne5 46. Nf5 Rd2+ 47. Kh1 Nf3 48. Nh6+ Kh8 49. Nf7+ Kg8 50. Nh6+ Kh8 51. Nf7+ 1/2-1/2

[Event "RUS-chT Premier 2019"]
[Site "Sochi"]
[Date "2019.05.03"]
[Round "3.5"]
[White "Levin, Evgeny A."]
[Black "Saveliev, Alexei"]
[Result "1/2-1/2"]
[ECO "E17"]
[WhiteElo "2516"]
[BlackElo "2367"]
[Annotator "ChessBase"]
[PlyCount "120"]
[EventDate "2019.05.01"]
[EventType "team-tourn"]
[EventCountry "RUS"]
[SourceTitle "playchess.com"]
[Source "ChessBase"]
[SourceQuality "1"]
[TimeControl "40/5400+30:1800+30"]

1. d4 Nf6 2. c4 e6 3. Nf3 b6 4. g3 Bb7 5. Bg2 Be7 6. O-O O-O 7. d5 exd5 8. Nh4 c6 9. cxd5 Nxd5 10. Nf5 Nc7 11. e4 d5 12. Nc3 Bf6 13. exd5 Nxd5 14. Nxd5 cxd5 15. Ne3 Na6 16. Nxd5 Nc5 17. Rb1 Rc8 18. b4 Bxd5 19. Bxd5 Ne6 20. Be3 Qe7 21. Qg4 Rfd8 22. Rfd1 Rc7 23. Bb3 Rcd7 24. Rxd7 Rxd7 25. Rc1 g6 26. Qe4 Kg7 27. Bxe6 Qxe6 28. Qxe6 fxe6 29. b5 Be5 30. Kg2 Kf6 31. Rc4 Rd5 32. a4 Rd3 33. Rc8 Bd4 34. Rd8 e5 35. Rd7 h5 36. Kf3 Ra3 37. Rxa7 Kf5 38. Rf7+ Ke6 39. Rb7 Kf5 40. Ke2 Bxe3 41. fxe3 Ke4 42. Rxb6 Rxa4 43. Rxg6 Ra2+ 44. Kd1 Kxe3 45. b6 Rxh2 46. Kc1 Rh1+ 47. Kc2 Rh2+ 48. Kc3 Rh1 49. Kb2 Rh2+ 50. Ka3 Rh1 51. Rc6 Ra1+ 52. Kb4 Rb1+ 53. Kc5 Kf3 54. Rh6 Kxg3 55. Rxh5 e4 56. Kc6 e3 57. Re5 Kf2 58. b7 Rxb7 59. Kxb7 e2 60. Rxe2+ Kxe2 1/2-1/2

[Event "RUS-chT Premier 2019"]
[Site "Sochi"]
[Date "2019.05.03"]
[Round "3.6"]
[White "Askerov, Marat"]
[Black "Ivanov, Sergey"]
[Result "1/2-1/2"]
[ECO "A40"]
[WhiteElo "2315"]
[BlackElo "2504"]
[Annotator "ChessBase"]
[PlyCount "74"]
[EventDate "2019.05.01"]
[EventType "team-tourn"]
[EventCountry "RUS"]
[SourceTitle "playchess.com"]
[Source "ChessBase"]
[SourceQuality "1"]
[TimeControl "40/5400+30:1800+30"]

1. d4 e6 2. Nf3 Nf6 3. g3 d5 4. Bg2 b5 5. a4 b4 6. Nbd2 c5 7. c4 Bb7 8. O-O Nbd7 9. a5 Rc8 10. b3 cxd4 11. Nxd4 Bc5 12. Bb2 O-O 13. cxd5 Nxd5 14. Ne4 Qe7 15. Qd2 Rfd8 16. Nxc5 Nxc5 17. Bxd5 Bxd5 18. Qxb4 Qf6 19. Rac1 e5 20. Rxc5 exd4 21. Rxc8 Rxc8 22. Qxd4 Qxd4 23. Bxd4 a6 24. b4 Rc2 25. Re1 Bc4 26. e4 h5 27. Kg2 Re2 28. Rc1 Bd3 29. e5 Be4+ 30. Kf1 Rd2 31. Be3 Rb2 32. Bc5 Bf3 33. Bd6 Kh7 34. Ke1 Re2+ 35. Kf1 Rb2 36. Ke1 Re2+ 37. Kf1 Rb2 1/2-1/2

[Event "RUS-chT Premier 2019"]
[Site "Sochi"]
[Date "2019.05.03"]
[Round "3.12"]
[White "Lomasov, Semyon"]
[Black "Gordievsky, Dmitry"]
[Result "1/2-1/2"]
[ECO "B31"]
[WhiteElo "2541"]
[BlackElo "2585"]
[Annotator "ChessBase"]
[PlyCount "86"]
[EventDate "2019.05.01"]
[EventType "team-tourn"]
[EventCountry "RUS"]
[SourceTitle "playchess.com"]
[Source "ChessBase"]
[SourceQuality "1"]
[TimeControl "40/5400+30:1800+30"]

1. e4 c5 2. Nf3 Nc6 3. Bb5 g6 4. Bxc6 dxc6 5. d3 Bg7 6. O-O Nf6 7. a4 O-O 8. Nc3 Bg4 9. h3 Bxf3 10. Qxf3 Nd7 11. Qg3 e5 12. Bg5 Qc7 13. Qh4 Rfe8 14. Bh6 Qd8 15. Qxd8 Raxd8 16. Bxg7 Kxg7 17. b3 Nf8 18. f4 exf4 19. Rxf4 Ne6 20. Rf2 Nd4 21. Raf1 Rd7 22. g4 b5 23. axb5 cxb5 24. Nd5 Re6 25. Ra1 Nc6 26. g5 h6 27. gxh6+ Kxh6 28. Nf6 Rb7 29. h4 Kg7 30. h5 a5 31. Raf1 a4 32. bxa4 bxa4 33. h6+ Kxh6 34. Rh2+ Kg7 35. Rh7+ Kf8 36. Rh8+ Ke7 37. Nd5+ Kd6 38. Ra8 f5 39. Rxa4 fxe4 40. dxe4 Nb4 41. Nxb4 Rxb4 42. Rxb4 cxb4 43. c3 bxc3 1/2-1/2

[Event "RUS-chT Premier 2019"]
[Site "Sochi"]
[Date "2019.05.03"]
[Round "3.18"]
[White "Goganov, Aleksey"]
[Black "Nozdrachev, Leonid"]
[Result "1/2-1/2"]
[ECO "E04"]
[WhiteElo "2570"]
[BlackElo "2367"]
[Annotator "ChessBase"]
[PlyCount "100"]
[EventDate "2019.05.01"]
[EventType "team-tourn"]
[EventCountry "RUS"]
[SourceTitle "playchess.com"]
[Source "ChessBase"]
[SourceQuality "1"]
[TimeControl "40/5400+30:1800+30"]

1. d4 Nf6 2. c4 e6 3. Nf3 d5 4. g3 dxc4 5. Bg2 Bd7 6. Ne5 Bc6 7. Nxc6 Nxc6 8. e3 Qd7 9. O-O O-O-O 10. Qa4 Nd5 11. Qxc4 h5 12. Nd2 h4 13. Nf3 hxg3 14. hxg3 f5 15. Bd2 Rh5 16. b4 Bd6 17. b5 Nce7 18. Rfe1 Nf6 19. Bb4 Ng6 20. Bxd6 Qxd6 21. Qc5 Qxc5 22. dxc5 e5 23. Red1 Ne4 24. Rxd8+ Kxd8 25. Rc1 b6 26. cxb6 axb6 27. a4 Nd6 28. Kf1 Kd7 29. Nd2 e4 30. g4 fxg4 31. Nxe4 Ne5 32. Nxd6 Kxd6 33. Rd1+ Kc5 34. Rd4 Nf3 35. Rf4 g5 36. Rf5+ Kb4 37. Bxf3 gxf3 38. Rxf3 Kxa4 39. Rf5 Rh1+ 40. Ke2 g4 41. e4 Rh3 42. Rd5 Kb4 43. e5 Kc4 44. Rd7 Rh5 45. Rxc7+ Kxb5 46. Re7 Kc6 47. Ke3 Rf5 48. e6 Kd6 49. Rb7 Rf3+ 50. Ke2 Kxe6 1/2-1/2

[Event "RUS-chT Premier 2019"]
[Site "Sochi"]
[Date "2019.05.04"]
[Round "4.3"]
[White "Shubin, Kirill"]
[Black "Kokarev, Dmitry"]
[Result "1/2-1/2"]
[ECO "B53"]
[WhiteElo "2404"]
[BlackElo "2605"]
[Annotator "RC"]
[PlyCount "80"]
[EventDate "2019.04.30"]
[EventType "team-tourn"]
[EventCountry "RUS"]
[SourceTitle "playchess.com"]
[Source "ChessBase"]
[SourceQuality "1"]
[TimeControl "40/5400+30:1800+30"]

1. e4 c5 2. Nf3 d6 3. d4 cxd4 4. Qxd4 Nf6 5. Bb5+ Bd7 6. c4 g6 7. Nc3 Bg7 8. O-O O-O 9. Qd3 Bg4 10. h3 Bxf3 11. Qxf3 Nc6 12. Bxc6 bxc6 13. e5 Nd7 14. exd6 Ne5 15. Qe2 exd6 16. b3 d5 17. cxd5 cxd5 18. Bb2 d4 19. Rad1 Re8 20. Nb5 d3 21. Qd2 Nf3+ 22. gxf3 Bxb2 23. f4 a6 24. Qxb2 axb5 25. Qc3 Qh4 26. Rxd3 Qxf4 27. Qd2 Qf5 28. Rd1 h5 29. Re3 Rxe3 30. Qxe3 Kh7 31. Qd3 Qg5+ 32. Qg3 Qxg3+ 33. fxg3 Rxa2 34. Rd5 b4 35. Rd4 Rb2 36. Rxb4 Kg7 37. h4 Kf6 38. Rf4+ Ke5 39. Rxf7 Rxb3 40. Kg2 Rb2+ 1/2-1/2

[Event "RUS-chT Premier 2019"]
[Site "Sochi"]
[Date "2019.05.04"]
[Round "4.4"]
[White "Romanov, Evgeny"]
[Black "Saveliev, Alexei"]
[Result "1-0"]
[ECO "B40"]
[WhiteElo "2573"]
[BlackElo "2367"]
[Annotator "ChessBase"]
[PlyCount "75"]
[EventDate "2019.04.30"]
[EventType "team-tourn"]
[EventCountry "RUS"]
[SourceTitle "playchess.com"]
[Source "ChessBase"]
[SourceQuality "1"]
[TimeControl "40/5400+30:1800+30"]

1. e4 c5 2. Nf3 e6 3. b3 a6 4. Bb2 Nc6 5. g3 Nf6 6. e5 Ng4 7. Qe2 d6 8. exd6 Nf6 9. Na3 Bxd6 10. Bg2 O-O 11. Nc4 Be7 12. a4 Nd5 13. O-O Bd7 14. a5 Qc7 15. Nfe5 Rae8 16. Rfe1 Bc8 17. Nxc6 bxc6 18. Qe5 Qxe5 19. Nxe5 Nb4 20. Rac1 Rd8 21. d3 Bb7 22. f4 Nd5 23. h4 f6 24. Nf3 Kf7 25. Re4 Rb8 26. Rce1 Bc8 27. Bh3 Nc7 28. f5 Bd6 29. fxe6+ Ke7 30. Kh2 g6 31. h5 Rb5 32. hxg6 hxg6 33. Rh4 f5 34. Rh7+ Ke8 35. Be5 Bxe5 36. Nxe5 Nxe6 37. Bg2 Rxa5 38. Nxc6 1-0

[Event "RUS-chT Premier 2019"]
[Site "Sochi"]
[Date "2019.05.04"]
[Round "4.5"]
[White "Timerkhanov, Alexander"]
[Black "Rozum, Ivan"]
[Result "0-1"]
[ECO "A45"]
[WhiteElo "2366"]
[BlackElo "2568"]
[Annotator "ChessBase"]
[PlyCount "108"]
[EventDate "2019.04.30"]
[EventType "team-tourn"]
[EventCountry "RUS"]
[SourceTitle "playchess.com"]
[Source "ChessBase"]
[SourceQuality "1"]
[TimeControl "40/5400+30:1800+30"]

1. d4 Nf6 2. Bg5 e6 3. Nd2 c5 4. e3 cxd4 5. exd4 Be7 6. Bd3 b6 7. Ngf3 Ba6 8. Qe2 Bxd3 9. Qxd3 O-O 10. Bxf6 Bxf6 11. h4 d5 12. c3 Nc6 13. O-O-O Qc7 14. Kb1 Rab8 15. Rh3 Qf4 16. Nf1 g6 17. Ng3 b5 18. Ng5 Bxg5 19. hxg5 Kg7 20. Rdh1 Rh8 21. a3 Qxg5 22. Nh5+ Kf8 23. f4 Qe7 24. Ng3 h5 25. Ne2 Kg7 26. Qg3 a5 27. Rxh5 Rxh5 28. Rxh5 b4 29. Rh1 bxa3 30. Qh3 Qf6 31. b3 Rxb3+ 32. Ka2 Rb8 33. Qh6+ Kg8 34. Qh7+ Kf8 35. Qh8+ Qxh8 36. Rxh8+ Ke7 37. Rxb8 Nxb8 38. Kxa3 Kf6 39. Ng3 Nd7 40. Ka4 Nb6+ 41. Kxa5 Nc4+ 42. Kb4 Ne3 43. Kc5 Nxg2 44. f5 gxf5 45. c4 f4 46. Nh1 Ne3 47. cxd5 Nxd5 48. Kc4 Kf5 49. Nf2 f3 50. Kd3 Kf4 51. Kd2 Kg3 52. Ke1 Kg2 53. Nd3 f6 54. Nf2 Ne3 0-1

[Event "RUS-chT Premier 2019"]
[Site "Sochi"]
[Date "2019.05.04"]
[Round "4.6"]
[White "Sychev, Klementy"]
[Black "Askerov, Marat"]
[Result "1-0"]
[ECO "A33"]
[WhiteElo "2574"]
[BlackElo "2315"]
[Annotator "ChessBase"]
[PlyCount "35"]
[EventDate "2019.04.30"]
[EventType "team-tourn"]
[EventCountry "RUS"]
[SourceTitle "playchess.com"]
[Source "ChessBase"]
[SourceQuality "1"]
[TimeControl "40/5400+30:1800+30"]

1. c4 c5 2. Nf3 Nc6 3. d4 cxd4 4. Nxd4 Nf6 5. Nc3 e6 6. g3 d5 7. Bg2 Bc5 8. Nb3 Bb4 9. cxd5 Nxd5 10. O-O Nxc3 11. bxc3 Qxd1 12. Rxd1 Be7 13. Nd4 Bd7 14. Nb5 O-O-O 15. Rb1 a6 16. Na7+ Kc7 17. Bf4+ e5 18. Bxe5+ 1-0

[Event "RUS-chT Premier 2019"]
[Site "Sochi"]
[Date "2019.05.04"]
[Round "4.7"]
[White "Riazantsev, Alexander"]
[Black "Bocharov, Ivan"]
[Result "1-0"]
[ECO "E15"]
[WhiteElo "2653"]
[BlackElo "2568"]
[Annotator "RC"]
[PlyCount "89"]
[EventDate "2019.04.30"]
[EventType "team-tourn"]
[EventCountry "RUS"]
[SourceTitle "playchess.com"]
[Source "ChessBase"]
[SourceQuality "1"]
[TimeControl "40/5400+30:1800+30"]

1. d4 Nf6 2. c4 e6 3. Nf3 b6 4. g3 Ba6 5. b3 Bb4+ 6. Bd2 Be7 7. Nc3 d5 8. cxd5 exd5 9. Bg2 O-O 10. O-O Re8 11. Qc2 c5 12. Rad1 Nc6 13. Be3 Rc8 14. Bh3 Rc7 15. Qb2 c4 16. bxc4 Bxc4 17. Ne5 Na5 18. Bf4 Nh5 19. Bd2 Ba6 20. Nb5 Nc4 21. Nxc4 Rxc4 22. Rc1 Bg5 23. Bxg5 Qxg5 24. e3 Nf6 25. Nd6 Rxc1 26. Rxc1 Rd8 27. Qa3 Qh6 28. Bf5 Bc4 29. Qxa7 Qh5 30. Qxb6 Rf8 31. a4 g6 32. Nxc4 Qxf5 33. Ne5 Ne4 34. Qb2 f6 35. Nd3 Ng5 36. Ne1 Qe4 37. h4 Nh3+ 38. Kh2 g5 39. Qc2 Qe6 40. Ng2 Ra8 41. f3 g4 42. fxg4 Qxg4 43. Qc6 Rf8 44. Qxd5+ Kh8 45. Rf1 1-0

[Event "RUS-chT Premier 2019"]
[Site "Sochi"]
[Date "2019.05.04"]
[Round "4.10"]
[White "Bocharov, Dmitry"]
[Black "Oparin, Grigoriy"]
[Result "1/2-1/2"]
[ECO "E11"]
[WhiteElo "2530"]
[BlackElo "2624"]
[Annotator "RC"]
[PlyCount "164"]
[EventDate "2019.04.30"]
[EventType "team-tourn"]
[EventCountry "RUS"]
[SourceTitle "playchess.com"]
[Source "ChessBase"]
[SourceQuality "1"]
[TimeControl "40/5400+30:1800+30"]

1. d4 Nf6 2. c4 e6 3. Nf3 Bb4+ 4. Bd2 a5 5. Nc3 b6 6. e3 Bxc3 7. Bxc3 Ne4 8. Rc1 Bb7 9. Bd3 d6 10. O-O Nxc3 11. Rxc3 Nd7 12. e4 O-O 13. Bc2 Qe7 14. Re1 e5 15. b3 c5 16. d5 g6 17. g3 Nf6 18. Qd2 Bc8 19. Nh4 Bd7 20. Bd3 Nh5 21. Qh6 Ng7 22. Rcc1 Rae8 23. a3 f5 24. f4 fxe4 25. Bxe4 Bg4 26. h3 Bd7 27. Kg2 Qf6 28. Nf3 Nh5 29. Ng5 Re7 30. Bf3 Nxg3 31. fxe5 Qf4 32. exd6 Nf5 33. dxe7 Nxh6 34. exf8=Q+ Kxf8 35. Ne6+ Bxe6 36. dxe6 Nf5 37. e7+ Nxe7 38. Bg4 Qd2+ 39. Kh1 Nf5 40. Rf1 Kg7 41. Bxf5 gxf5 42. Rcd1 Qc3 43. Rd7+ Kf6 44. Rxh7 a4 45. bxa4 Qxc4 46. Rg1 Qe4+ 47. Rg2 c4 48. Rh6+ Ke7 49. Rxb6 c3 50. Rb4 Qd5 51. Rb1 c2 52. Re1+ Kd7 53. a5 Qd1 54. Rgg1 Qf3+ 55. Kh2 Qf2+ 56. Kh1 Kc6 57. Rgf1 Qg3 58. Rc1 Qxh3+ 59. Kg1 Qg3+ 60. Kh1 Qd3 61. Kg2 Qd2+ 62. Kg3 Kb7 63. a4 Ka6 64. Ra1 Qe3+ 65. Kh4 Qh6+ 66. Kg3 Qd2 67. Kh4 Qe3 68. Kh5 f4 69. Kg4 f3 70. Rae1 Qc3 71. Kg3 Kxa5 72. Ra1 Qe3 73. Rfe1 Qd3 74. Kf2 Qc3 75. Rh1 Qf6 76. Rhe1 Qf4 77. Rh1 Qg4 78. Rhg1 Qe4 79. Rge1 Qd5 80. Ke3 Qf5 81. Kf2 Qf4 82. Rh1 Qg4 1/2-1/2

[Event "RUS-chT Premier 2019"]
[Site "Sochi"]
[Date "2019.05.04"]
[Round "4.12"]
[White "Murzin, Volodar"]
[Black "Khismatullin, Denis"]
[Result "1/2-1/2"]
[ECO "B07"]
[WhiteElo "2407"]
[BlackElo "2619"]
[Annotator "RC"]
[PlyCount "212"]
[EventDate "2019.04.30"]
[EventType "team-tourn"]
[EventCountry "RUS"]
[SourceTitle "playchess.com"]
[Source "ChessBase"]
[SourceQuality "1"]
[TimeControl "40/5400+30:1800+30"]

1. e4 d6 2. d4 Nf6 3. Nc3 c6 4. Nf3 Bg4 5. Be2 e6 6. h3 Bh5 7. O-O Bg6 8. e5 Nd5 9. Nxd5 cxd5 10. c3 Nc6 11. Bf4 Be7 12. exd6 Bxd6 13. Ne5 O-O 14. Nxg6 hxg6 15. Bxd6 Qxd6 16. Bd3 Rab8 17. Qe2 a6 18. a4 Rfc8 19. f4 Ne7 20. Rf2 Rc6 21. g4 Qc7 22. Ra2 Nc8 23. Kg2 Nd6 24. a5 Rd8 25. Ra1 Nc4 26. h4 Nxa5 27. h5 gxh5 28. gxh5 Nc4 29. Kh1 Kf8 30. Rg1 Qe7 31. Qg4 Qf6 32. Rfg2 Ke7 33. Qxg7 Qxg7 34. Rxg7 Nxb2 35. Bg6 Rf8 36. h6 Rcc8 37. h7 Nc4 38. Bh5 Rh8 39. Rxf7+ Kd6 40. Rxb7 Na5 41. Rf7 Nc4 42. f5 Ne3 43. Rg6 Nxf5 44. Rxf5 Rxh7 45. Re5 Rch8 46. Rgg5 a5 47. Kg2 a4 48. Bg4 Rh6 49. Rh5 Rxh5 50. Bxh5 a3 51. Bg4 Re8 52. Re2 e5 53. dxe5+ Rxe5 54. Ra2 d4 55. Rxa3 dxc3 56. Rxc3 Rc5 57. Ra3 Ke5 58. Ra4 Rc2+ 59. Kg3 Rc3+ 60. Bf3 Re3 61. Ra5+ Kd6 62. Kf4 Re1 63. Ra6+ Ke7 64. Be4 Re2 65. Ke5 Re1 66. Ra7+ Ke8 67. Kf5 Kd8 68. Bd5 Re7 69. Ra6 Re1 70. Be4 Kd7 71. Ke5 Ke7 72. Ra7+ Ke8 73. Rh7 Re2 74. Kd5 Kf8 75. Bf5 Re7 76. Rh1 Re2 77. Be6 Ke7 78. Rh7+ Kf6 79. Rf7+ Kg5 80. Bf5 Ra2 81. Be4 Ra5+ 82. Kd4 Ra4+ 83. Ke5 Ra5+ 84. Bd5 Kh5 85. Rg7 Kh6 86. Rg1 Kh5 87. Ke6 Kh4 88. Be4 Rg5 89. Rh1+ Kg3 90. Bf5 Kf4 91. Rh4+ Kf3 92. Ke5 Rg8 93. Rh3+ Ke2 94. Kf4 Rf8 95. Rh2+ Kd1 96. Ra2 Rf7 97. Ke4 Rf8 98. Kd3 Ke1 99. Ke3 Kf1 100. Be4 Kg1 101. Rg2+ Kf1 102. Rh2 Rg8 103. Ra2 Kg1 104. Ra1+ Kh2 105. Rh1+ Kg3 106. Rg1+ Kh4 1/2-1/2

[Event "RUS-chT Premier 2019"]
[Site "Sochi"]
[Date "2019.05.04"]
[Round "4.18"]
[White "Toropov, Pavel"]
[Black "Goganov, Aleksey"]
[Result "1/2-1/2"]
[ECO "B51"]
[WhiteElo "2327"]
[BlackElo "2570"]
[Annotator "ChessBase"]
[PlyCount "80"]
[EventDate "2019.04.30"]
[EventType "team-tourn"]
[EventCountry "RUS"]
[SourceTitle "playchess.com"]
[Source "ChessBase"]
[SourceQuality "1"]
[TimeControl "40/5400+30:1800+30"]

1. e4 c5 2. Nf3 d6 3. Bb5+ Nd7 4. d4 cxd4 5. Qxd4 a6 6. Bxd7+ Bxd7 7. Nc3 Rc8 8. O-O e5 9. Qd3 h6 10. Nd2 Be6 11. Nd5 Nf6 12. c4 Be7 13. Nxe7 Qxe7 14. b3 O-O 15. Ba3 Rfd8 16. f4 exf4 17. Rxf4 Ng4 18. Qg3 Ne5 19. Rf2 Ng4 20. Rf4 Ne5 21. Rf2 Qg5 22. Qxg5 hxg5 23. Nf1 b5 24. cxb5 axb5 25. Rd1 d5 26. exd5 Rxd5 27. Rxd5 Bxd5 28. Rd2 Be6 29. Be7 f6 30. Rd8+ Rxd8 31. Bxd8 Bd7 32. Ba5 Nd3 33. Bd2 Kf7 34. Ne3 f5 35. Nd5 f4 36. Nc3 g4 37. a4 bxa4 38. bxa4 Nc5 39. Bxf4 Nxa4 40. Nxa4 Bxa4 1/2-1/2

[Event "RUS-chT Premier 2019"]
[Site "Sochi"]
[Date "2019.05.04"]
[Round "4.19"]
[White "Potkin, Vladimir"]
[Black "Iljiushenok, Ilia"]
[Result "0-1"]
[ECO "B94"]
[WhiteElo "2590"]
[BlackElo "2534"]
[Annotator "ChessBase"]
[PlyCount "76"]
[EventDate "2019.04.30"]
[EventType "team-tourn"]
[EventCountry "RUS"]
[SourceTitle "playchess.com"]
[Source "ChessBase"]
[SourceQuality "1"]
[TimeControl "40/5400+30:1800+30"]

1. e4 c5 2. Nf3 d6 3. d4 cxd4 4. Nxd4 Nf6 5. Nc3 a6 6. Bg5 Nbd7 7. Bc4 Qb6 8. Bb3 e6 9. f4 Be7 10. f5 Nc5 11. Qf3 Nxb3 12. Nxb3 O-O 13. O-O-O Qc7 14. Rhf1 Bd7 15. Qg3 Nh5 16. Qh4 Bxg5+ 17. Qxg5 Nf6 18. Rf3 h6 19. Qh4 Rac8 20. Rg3 Kh8 21. Rgd3 b5 22. g4 Nxe4 23. g5 exf5 24. Rxd6 Be6 25. gxh6 g5 26. Qe1 b4 27. Qe3 bxc3 28. Qd4+ f6 29. Rxe6 Rfd8 30. Qg1 cxb2+ 31. Kxb2 Qxc2+ 32. Ka3 Qxd1 33. Re8+ Kh7 34. Re7+ Kxh6 35. Qa7 Qd6+ 36. Kb2 Rc2+ 37. Kxc2 Qxh2+ 38. Kc1 Rc8+ 0-1

[Event "RUS-chT Premier 2019"]
[Site "Sochi"]
[Date "2019.05.04"]
[Round "4.22"]
[White "Chernobay, Artem"]
[Black "Yuffa, Daniil"]
[Result "0-1"]
[ECO "D70"]
[WhiteElo "2503"]
[BlackElo "2595"]
[Annotator "ChessBase"]
[PlyCount "62"]
[EventDate "2019.04.30"]
[EventType "team-tourn"]
[EventCountry "RUS"]
[SourceTitle "playchess.com"]
[Source "ChessBase"]
[SourceQuality "1"]
[TimeControl "40/5400+30:1800+30"]

1. c4 g6 2. d4 Nf6 3. Nf3 d6 4. Nc3 Bf5 5. g3 Ne4 6. Bg2 Nxc3 7. bxc3 Be4 8. Bf4 Nd7 9. Qc1 Nf6 10. O-O Qd7 11. Rd1 Bg7 12. Bh6 O-O 13. c5 Rfd8 14. Bxg7 Kxg7 15. Qa3 Qc6 16. cxd6 cxd6 17. Rac1 b5 18. Bf1 Bxf3 19. exf3 a5 20. c4 b4 21. Qb2 Rab8 22. f4 a4 23. Re1 Qc7 24. Re3 Qa7 25. Rce1 Rd7 26. Bg2 Rc7 27. h3 Rxc4 28. Rxe7 Qxd4 29. Qe2 b3 30. axb3 axb3 31. g4 Rc2 0-1

[Event "RUS-chT Premier 2019"]
[Site "Sochi"]
[Date "2019.05.04"]
[Round "4.23"]
[White "Lomasov, Semyon"]
[Black "Bykov, Oleg"]
[Result "1-0"]
[ECO "B47"]
[WhiteElo "2541"]
[BlackElo "2395"]
[Annotator "ChessBase"]
[PlyCount "59"]
[EventDate "2019.04.30"]
[EventType "team-tourn"]
[EventCountry "RUS"]
[SourceTitle "playchess.com"]
[Source "ChessBase"]
[SourceQuality "1"]
[TimeControl "40/5400+30:1800+30"]

1. e4 c5 2. Nf3 e6 3. d4 cxd4 4. Nxd4 Nc6 5. Nc3 Qc7 6. a3 a6 7. f4 Bc5 8. Nxc6 Qxc6 9. Qd3 d6 10. Be3 b5 11. O-O-O Bb7 12. e5 O-O-O 13. a4 Bxe3+ 14. Qxe3 Qc5 15. Qxc5+ dxc5 16. Rxd8+ Kxd8 17. axb5 axb5 18. Bxb5 Nh6 19. Rd1+ Kc7 20. Na4 Bxg2 21. Rd7+ Kb8 22. Nxc5 Rg8 23. Na6+ Ka8 24. h4 Rc8 25. b4 Nf5 26. Bd3 Nxh4 27. b5 Bb7 28. b6 Bxa6 29. Ra7+ Kb8 30. Be4 1-0

[Event "RUS-chT Premier 2019"]
[Site "Sochi"]
[Date "2019.05.04"]
[Round "4.24"]
[White "Nozdrachev, Leonid"]
[Black "Kryakvin, Dmitry"]
[Result "1/2-1/2"]
[ECO "D10"]
[WhiteElo "2367"]
[BlackElo "2588"]
[Annotator "ChessBase"]
[PlyCount "117"]
[EventDate "2019.04.30"]
[EventType "team-tourn"]
[EventCountry "RUS"]
[SourceTitle "playchess.com"]
[Source "ChessBase"]
[SourceQuality "1"]
[TimeControl "40/5400+30:1800+30"]

1. d4 d5 2. c4 c6 3. Nc3 Nf6 4. e3 a6 5. a4 e6 6. Nf3 c5 7. Be2 Nc6 8. O-O dxc4 9. Bxc4 Be7 10. dxc5 Qxd1 11. Rxd1 Bxc5 12. Nd4 Bd7 13. Nb3 Ba7 14. a5 Rc8 15. Nd2 O-O 16. Nde4 Nxe4 17. Nxe4 Nxa5 18. Rxd7 Rxc4 19. Nd2 Rc2 20. b4 Rfc8 21. bxa5 Rxc1+ 22. Rxc1 Rxc1+ 23. Nf1 Bc5 24. Rxb7 Ra1 25. g4 Rxa5 26. Nd2 Ra4 27. g5 h6 28. gxh6 gxh6 29. Nf3 Rb4 30. Rc7 Rb5 31. Nd4 Bxd4 32. exd4 Rg5+ 33. Kf1 Kg7 34. f3 h5 35. Ra7 a5 36. h4 Rf5 37. Kf2 Kf8 38. Ke3 Ke8 39. Ke4 Rb5 40. Kf4 Rd5 41. Ke3 f6 42. Ke4 Kd8 43. Ke3 Kc8 44. Ke4 f5+ 45. Ke3 Kb8 46. Ra6 Kb7 47. Rxe6 a4 48. Kf4 a3 49. Re1 Rxd4+ 50. Kxf5 Rxh4 51. Kg5 Rh2 52. f4 h4 53. f5 h3 54. f6 Rg2+ 55. Kh6 h2 56. Rh1 a2 57. f7 Rf2 58. Kg7 Rg2+ 59. Kh6 1/2-1/2

[Event "RUS-chT Premier 2019"]
[Site "Sochi"]
[Date "2019.05.04"]
[Round "4.27"]
[White "Vlasenko, Miroslav"]
[Black "Kobalia, Mikhail"]
[Result "1/2-1/2"]
[ECO "E70"]
[WhiteElo "2424"]
[BlackElo "2610"]
[Annotator "RC"]
[PlyCount "97"]
[EventDate "2019.04.30"]
[EventType "team-tourn"]
[EventCountry "RUS"]
[SourceTitle "playchess.com"]
[Source "ChessBase"]
[SourceQuality "1"]
[TimeControl "40/5400+30:1800+30"]

1. d4 g6 2. e4 d6 3. c4 Nf6 4. Nc3 Bg7 5. Bg5 O-O 6. h3 Nbd7 7. Nf3 e5 8. d5 a5 9. g4 Nc5 10. Nd2 c6 11. Be2 a4 12. b4 axb3 13. axb3 Rxa1 14. Qxa1 Na6 15. Qb2 c5 16. Nf1 h6 17. Bh4 Qa5 18. f3 Nh7 19. Ne3 f5 20. O-O fxg4 21. fxg4 Bf6 22. Be1 Qd8 23. Ng2 Bd7 24. h4 Qc8 25. Qc1 g5 26. Qd1 gxh4 27. Nxh4 Bxh4 28. Bxh4 Ng5 29. Kg2 Rxf1 30. Qxf1 Kg7 31. Bxg5 hxg5 32. Nd1 Qf8 33. Qxf8+ Kxf8 34. Nf2 Ke7 35. Kf3 Nc7 36. Ke3 Ne8 37. Nh3 Nf6 38. Nxg5 Nxg4+ 39. Bxg4 Bxg4 40. Nf3 Kf6 41. Nd2 Bd1 42. Kd3 Kg5 43. Ke3 b6 44. Kd3 Kf6 45. Kc3 Kg6 46. Nb1 Bg4 47. b4 Bf3 48. bxc5 bxc5 49. Kd3 1/2-1/2

[Event "RUS-chT Premier 2019"]
[Site "Sochi"]
[Date "2019.05.04"]
[Round "4.29"]
[White "Levin, Evgeny A."]
[Black "Popov, Ivan"]
[Result "1/2-1/2"]
[ECO "D20"]
[WhiteElo "2516"]
[BlackElo "2600"]
[Annotator "RC"]
[PlyCount "80"]
[EventDate "2019.04.30"]
[EventType "team-tourn"]
[EventCountry "RUS"]
[SourceTitle "playchess.com"]
[Source "ChessBase"]
[SourceQuality "1"]
[TimeControl "40/5400+30:1800+30"]

1. d4 d5 2. c4 dxc4 3. e4 e5 4. Nf3 exd4 5. Bxc4 Bb4+ 6. Nbd2 Nc6 7. O-O Nf6 8. e5 Nd5 9. Nb3 Be7 10. Qe2 O-O 11. Rd1 Re8 12. Qe4 Nb6 13. Bb5 Bd7 14. Nbxd4 Nxd4 15. Rxd4 c6 16. Bd3 g6 17. Bc2 Nd5 18. Bb3 Bf5 19. Qe2 Bc5 20. Bg5 f6 21. Rxd5 cxd5 22. Rd1 fxg5 23. Rxd5 Qb6 24. Rxc5+ Be6 25. Bxe6+ Rxe6 26. Qc4 Rd8 27. Nd4 Kh8 28. h4 Ree8 29. Rc7 Rf8 30. Rf7 Rxf7 31. Qxf7 Qxd4 32. Qf6+ Kg8 33. Qe6+ Kh8 34. Qf6+ Kg8 35. Qe6+ Kh8 36. Qf6+ Kg8 37. Qe6+ Kh8 38. Qf6+ Kg8 39. Qe6+ Kh8 40. Qf6+ Kg8 1/2-1/2